 Dungeon Crawl Stone Soup version 0.31-a0-1370-gf52a5a9ab3 (webtiles) character file.

Game seed: 7362594665847984647

13571 thriggle the Magician (level 11, -6/81 HPs)
             Began as a Demonspawn Hedge Wizard on Dec 22, 2023.
             Was a High Priest of Ignis.
             Mangled by a cane toad (19 damage)
             ... on level 1 of the Lair of Beasts on Dec 24, 2023.
             The game lasted 01:32:05 (9692 turns).

thriggle the Magician (Demonspawn Hedge Wizard)     Turns: 9692, Time: 01:32:06

Health: -6/81      AC: 17    Str:  9    XL:     11   Next: 77%
Magic:  20/20      EV: 14    Int: 22    God:    Ignis [*****.]
Gold:   1093       SH:  0    Dex: 13    Spells: 1/22 levels left

rFire   + + .        n - +5 trident (venom)
rCold   + . .        g - orb {mayhem}
rNeg    + . .        q - +2 robe {rC+}
rPois   +            R - +2 helmet
rElec   .            i - +2 cloak {rPois}
rCorr   .            a - +1 pair of gloves
SInv    +            I - +1 pair of boots {Fly}
Will    .....        p - amulet of regeneration
Stlth   +++          B - ring of positive energy
HPRegen 1.13/turn    b - ring of see invisible
MPRegen 0.17/turn

%: mayhem
@: flying
A: hooves 2, molten scales 2, ignite blood 2, clever 1, fire resistance 1,
inability to read after injury 1
a: Renounce Religion, Fiery Armour, Foxfire Swarm, Rising Flame


You were on level 1 of the Lair of Beasts.
You worshipped Ignis.
Ignis was extremely pleased with you.
You visited 3 branches of the dungeon, and saw 11 of its levels.
You also visited: Bailey.

You collected 1121 gold pieces.
You spent 28 gold pieces at shops.

Inventory:

Hand Weapons
 e - a +4 dagger
 l - a +0 trident
 n - a +5 trident of venom (weapon)
 z - a +5 rapier of speed
 F - the +1 flail of Defence {distort, rCorr Dex+3}
   (You took it off a wight on level 7 of the Dungeon)

   Dex+3:     It affects your dexterity (+3).
   rCorr:     It protects you from acid and corrosion.
Missiles
 h - 70 stones
 y - 32 boomerangs
 A - 22 poisoned darts
 C - 5 javelins
 O - 6 curare-tipped darts
Armour
 a - a +1 pair of gloves (worn)
 g - an orb of mayhem (worn)
 i - a +2 cloak of poison resistance (worn)
 o - a +0 robe of resistance
 q - a +2 robe of cold resistance (worn)
 I - a +1 pair of boots of flying (worn)
 J - a +4 plate armour of fire resistance
 N - a +2 chain mail of fire resistance
 R - a +2 helmet (worn)
 T - a +2 hat
Magical Staves
 E - a staff of air
Jewellery
 b - a ring of see invisible (right hand)
 p - an amulet of regeneration (around neck)
 u - an amulet of the acrobat
 B - a ring of positive energy (left hand)
Wands
 m - a wand of flame (11)
 t - a wand of polymorph (4)
 w - a wand of mindburst (9)
 x - a wand of paralysis (25)
 P - a wand of quicksilver (7)
Scrolls
 f - 2 scrolls of teleportation
 j - a scroll of fear
 r - 2 scrolls of blinking
 s - 5 scrolls of noise
 Q - a scroll of identify
 S - a scroll of enchant armour
Potions
 d - 2 potions of magic
 k - 2 potions of heal wounds
 v - 3 potions of curing
 D - 2 potions of might {unknown}
 G - 2 potions of mutation
 H - 4 potions of enlightenment
 K - 2 potions of lignification {unknown}
 L - a potion of invisibility {unknown}
 M - a potion of ambrosia {unknown}


   Skills:
 + Level 5.9 Fighting
 - Level 0.4(3.1) Axes
 + Level 5.1 Polearms
 - Level 1.0 Throwing
 - Level 1.6 Armour
 + Level 5.8 Dodging
 + Level 6.2 Stealth
 + Level 6.3 Spellcasting
 + Level 5.7 Conjurations
 + Level 3.7 Hexes
 - Level 5.1 Summonings
 + Level 2.6 Translocations
 - Level 1.0 Fire Magic
 - Level 1.0 Ice Magic
 + Level 4.5 Air Magic
 + Level 5.5 Alchemy
 + Level 5.5 Evocations


You had one spell level left.
You knew the following spells:

 Your Spells              Type           Power      Damage    Failure   Level
a - Magic Dart            Conj           100%       1d8       1%          1
b - Call Imp              Summ           58%        N/A       1%          2
c - Slow                  Hex            92%        N/A       1%          1
d - Mephitic Cloud        Conj/Alch/Air  30%        N/A       3%          3
e - Blink                 Tloc           36%        N/A       4%          2
f - Dazzling Flash        Conj/Hex       54%        N/A       3%          3
g - Volatile Blastmotes   Fire/Tloc      30%        2d12      12%         3
h - Frozen Ramparts       Ice            22%        1d4       17%         3
i - Teleport Other        Tloc           18%        N/A       9%          3

Your spell library contained the following spells:

 Spells                   Type           Power      Damage    Failure   Level
 Freeze                   Ice            44%        1d6       6%          1
 Cigotuvi's Dreadful Rot  Necr/Alch/Air  42%        N/A       3%          2
 Hailstorm                Conj/Ice       21%        3d7       7%          3
 Gell's Gravitas          Tloc           18%        N/A       9%          3
 Starburst                Conj/Fire      11%        6d5       97%         6
 Dispersal                Tloc           9%         N/A       99%         6
 Maxwell's Capacitive Co  Air            13%        ∞         100%        8


Dungeon Overview and Level Annotations

Branches:
Dungeon (9/15)             Temple (1/1) D:4            Lair (1/5) D:8
 Bailey (visited)
    Orc: D:9-12

Altars:
Ashenzari
Cheibriados
Dithmenos
Gozag
Hepliaklqana
Kikubaaqudgha
Makhleb
Nemelex Xobeh
Okawaru
Qazlal
Ru
Sif Muna
Trog
Uskayaw
Vehumet
Wu Jian
Xom
Yredelemnul
Ignis
Lugonu

Shops:
D:1 ?   D:2 [[:*


Innate Abilities, Weirdness & Mutations

You have hoof-like feet.
You are mostly covered in molten scales. (AC +3)
Your demonic aura often causes spilled blood to erupt in flames.
Your mind is acute. (Int +4, Str/Dex -1)
Your flesh is heat resistant. (rF+)
You occasionally lose the ability to read scrolls when taking damage.


Message History

You reach to attack!
You hit the komodo dragon.
You kill the komodo dragon!
The water moccasin is engulfed in blazing flames.
The water moccasin hisses angrily.
The water moccasin bites you! The water moccasin misses you.
The water moccasin closely misses the yak.
The water moccasin bites the yak!
The water moccasin bites the yak but does no damage.
The yak closely misses you.
You puncture the yak!
The yak is heavily wounded.
The water moccasin bites the yak but does no damage.
The water moccasin bites the cane toad.
The yak is engulfed in blazing flames.
The yak gores the water moccasin.
The water moccasin dies!
You barely miss the yak.
The yak is almost dead.
The yak is engulfed in blazing flames.
You kill the yak!
The cane toad flies into a frenzy!
The cane toad attacks as it pursues you!
The cane toad stings you!
The cane toad is engulfed in blazing flames.
The cane toad stings you.
The cane toad is engulfed in blazing flames.
The cane toad stings you but does no damage.
The cane toad is engulfed in blazing flames.
The cane toad attacks as it pursues you!
The cane toad misses you. The cane toad stings you!
You see here a komodo dragon corpse.
The cane toad attacks as it pursues you!
The cane toad stings you!!
* * * LOW HITPOINT WARNING * * *
The cane toad is engulfed in blazing flames.
The cane toad stings you but does no damage.
A yak comes into view.
You see here a komodo dragon corpse.
The cane toad is engulfed in blazing flames.
The cane toad stings you!!
You die...

.........###.................
.................###.........
.................# #.........
...P.....#####...###.........
...####..# ##...##P.........
...###...####....###....#....
...............~........#....
#..####...#..≈~~~...##.##....
#..##.~≈≈≈@F§.####.....
............~≈≈≈≈†☼.°........
.......$....~~≈≈~.<††........
#.###...#.#.~≈≈≈≈.Y..........
#........~~≈≈≈≈..#..#.....
..........≈≈≈≈~~~.........
#..........~~≈≈≈~..........
#.....Y......~~~...........
....Y.Y.......^....


You could see a yak and a neutral cane toad (fast, strong, frenzied).

Vanquished Creatures
  2 two-headed ogres
  An orc knight (Bailey)
  Pikel (D:4)
  Maurice (D:7)
  A cane toad (Lair:1)
  4 komodo dragons
  A queen bee (shapeshifter) (D:9)
  2 trolls (D:9)
  3 red devils (D:8)
  Grinder (D:4)
  2 hornets
  A wyvern (D:9)
  A steam dragon (D:4)
  12 yaks
  Eustachio (D:4)
  An acid dragon (D:9)
  Edmund (D:6)
  4 water moccasins
  12 orc warriors
  A sky beast (D:6)
  3 ice beasts
  A black bear (D:7)
  3 centaurs
  A phantom (D:7)
  4 kobold brigands
  2 bullfrogs
  2 scorpions
  14 wights
  5 howler monkeys
  2 quasits (D:8)
  5 hounds
  3 orc priests
  4 jellies
  3 gnoll boudas
  9 orc wizards
  Ijyb (D:4)
  5 iguanas
  Natasha (twice) (D:2)
  Robin (D:2)
  9 gnolls
  6 adders
  2 shadow imps (D:8)
  3 white imps
  4 ufetubi (D:8)
  3 dart slugs
  33 orcs
  7 bats
  8 endoplasms
  2 giant cockroaches
  15 goblins
  10 hobgoblins
  12 jackals
  17 kobolds
  3 quokkas
  7 ball pythons
  5 frilled lizards
  3 rats (D:2)
272 creatures vanquished.

Vanquished Creatures (collateral kills)
  A fire dragon (D:9)
  A wight (D:7)
  An orc wizard (D:6)
  2 goblins (D:2)
5 creatures vanquished.

Vanquished Creatures (others)
  A water moccasin (Lair:1)
  A sleepcap (D:8)
2 creatures vanquished.

Grand Total: 279 creatures vanquished

Notes
Turn   | Place    | Note
-------+----------+-------------------------------------------
     0 | D:1      | thriggle the Demonspawn Hedge Wizard began the quest for
                  | the Orb.
     0 | D:1      | Reached XP level 1. HP: 13/13 MP: 4/4
    45 | D:1      | Found Reoloic's Magic Scroll Emporium.
    69 | D:1      | Bought a scroll of identify for 28 gold pieces
   126 | D:1      | Reached skill level 1 in Translocations
   236 | D:1      | Gained mutation: You are partially covered in molten
                  | scales. (AC +2) [demonic ancestry]
   236 | D:1      | Reached XP level 2. HP: 19/19 MP: 0/6
   860 | D:2      | Found Emecai's General Store.
   944 | D:2      | Learned a level 2 spell: Call Imp
   946 | D:2      | Learned a level 1 spell: Slow
  1132 | D:2      | Reached XP level 3. HP: 25/25 MP: 4/7
  1137 | D:2      | Learned a level 3 spell: Mephitic Cloud
  1141 | D:2      | Noticed Robin
  1181 | D:2      | Killed Robin
  1184 | D:2      | HP: 1/25 [goblin/+0 club[Robin] (4)]
  1269 | D:2      | Reached skill level 1 in Fighting
  1586 | D:2      | Found Masoegev's Armour Emporium.
  1648 | D:2      | Gained mutation: Your demonic aura sometimes causes spilled
                  | blood to erupt in flames. [demonic ancestry]
  1648 | D:2      | Reached XP level 4. HP: 32/32 MP: 8/8
  1678 | D:2      | Noticed Natasha
  1683 | D:2      | Killed Natasha
  1736 | D:2      | Found Ozoucr Gewn's Book Emporium.
  1794 | D:2      | Noticed Natasha
  1803 | D:2      | Killed Natasha
  1804 | D:2      | Reached skill level 1 in Hexes
  1804 | D:2      | Reached skill level 1 in Alchemy
  1843 | D:2      | Gained mutation: You have large cloven feet. [demonic
                  | ancestry]
  1843 | D:2      | Reached XP level 5. HP: 34/37 MP: 7/10
  1985 | D:2      | Found Wuefuigh's Antique Armour Shoppe.
  2320 | D:3      | Found a faded altar of an unknown god.
  2332 | D:3      | Prayed at the altar of an unknown god.
  2332 | D:3      | Became a worshipper of Ignis, the Dying Flame
  2667 | D:3      | Reached skill level 1 in Air Magic
  2807 | D:4      | Noticed Ijyb
  2856 | D:4      | Killed Ijyb
  2857 | D:4      | Reached skill level 1 in Polearms
  2899 | D:4      | Noticed a steam dragon
  2917 | D:4      | Killed a steam dragon
  2918 | D:4      | Reached XP level 6. HP: 35/44 MP: 8/11
  3051 | D:4      | Noticed Pikel
  3059 | D:4      | Killed Pikel
  3060 | D:4      | Reached skill level 1 in Evocations
  3060 | D:4      | Reached XP level 7. HP: 31/51 MP: 8/12
  3065 | D:4      | Learned a level 2 spell: Blink
  3156 | D:4      | Noticed Eustachio
  3162 | D:4      | Killed Eustachio
  3291 | D:4      | Noticed Grinder
  3330 | D:4      | Killed Grinder
  3331 | D:4      | Gained mutation: Your demonic aura often causes spilled
                  | blood to erupt in flames. [demonic ancestry]
  3331 | D:4      | Reached XP level 8. HP: 57/57 MP: 9/14
  3384 | D:4      | Found a sparkling altar of Nemelex Xobeh.
  3470 | D:4      | Found a staircase to the Ecumenical Temple.
  3706 | D:5      | Entered Level 5 of the Dungeon
  3941 | D:5      | Found a shimmering blue altar of Sif Muna.
  3970 | D:5      | Found a bloodstained altar of Trog.
  3970 | D:5      | Found a sacrificial altar of Ru.
  3972 | D:5      | Found a stormy altar of Qazlal.
  3972 | D:5      | Found a shimmering altar of Xom.
  3972 | D:5      | Found a shadowy altar of Dithmenos.
  4043 | D:5      | Found an iron altar of Okawaru.
  4217 | D:5      | Found a hide-covered altar of Uskayaw.
  4280 | D:5      | Found a snail-covered altar of Cheibriados.
  4851 | Temple   | Entered the Ecumenical Temple
  4947 | D:6      | Reached skill level 1 in Throwing
  4994 | D:6      | Noticed a two-headed ogre
  5001 | D:6      | Killed a two-headed ogre
  5002 | D:6      | Reached skill level 1 in Armour
  5002 | D:6      | Gained mutation: You have hoof-like feet. [demonic
                  | ancestry]
  5002 | D:6      | Reached XP level 9. HP: 64/64 MP: 10/15
  5235 | D:6      | Found a radiant altar of Vehumet.
  5250 | D:6      | Noticed Edmund
  5257 | D:6      | Killed Edmund
  5705 | D:7      | Identified a scroll of acquirement
  5705 | D:7      | Acquired a book of Spectacle
  5711 | D:7      | Learned a level 3 spell: Dazzling Flash
  5715 | D:7      | Learned a level 3 spell: Volatile Blastmotes
  5774 | D:7      | Reached skill level 5 in Spellcasting
  5848 | D:7      | Noticed Maurice
  5958 | D:7      | Maurice stole a +5 rapier of speed
  5960 | D:7      | Killed Maurice
  5961 | D:7      | Reached XP level 10. HP: 56/73 MP: 2/17
  6013 | D:7      | Found a flagged portal.
  6022 | Bailey   | Entered a bailey
  6023 | Bailey   | Upgraded the game from 0.31-a0-1338-gb567cfdca4 to
                  | 0.31-a0-1370-gf52a5a9ab3
  6160 | Bailey   | Noticed an orc knight
  6198 | Bailey   | Killed an orc knight
  6199 | Bailey   | Reached skill level 5 in Stealth
  6737 | D:7      | Identified the +1 flail of Defence {distort, rCorr Dex+3}
  7274 | D:8      | Reached skill level 5 in Conjurations
  7389 | D:8      | Reached skill level 5 in Dodging
  7518 | D:8      | Reached skill level 5 in Fighting
  7565 | D:8      | Reached skill level 5 in Summonings
  7599 | D:8      | Reached skill level 5 in Alchemy
  7616 | D:8      | Gained mutation: You are mostly covered in molten scales.
                  | (AC +3) [demonic ancestry]
  7616 | D:8      | Reached XP level 11. HP: 67/79 MP: 19/19
  7641 | D:8      | Learned a level 3 spell: Frozen Ramparts
  7706 | D:8      | Found a staircase to the Lair.
  7836 | D:8      | Found a basalt altar of Yredelemnul.
  8334 | D:9      | Found an ornate altar of the Wu Jian Council.
  8491 | D:9      | Noticed a two-headed ogre
  8508 | D:9      | Killed a two-headed ogre
  8509 | D:9      | Reached skill level 1 in Fire Magic
  8509 | D:9      | Reached skill level 1 in Ice Magic
  8509 | D:9      | Reached skill level 5 in Evocations
  8771 | D:9      | Noticed a fire dragon
  8823 | D:9      | Killed a fire dragon
  9285 | D:9      | Gained mutation: You occasionally lose the ability to read
                  | scrolls when taking damage. [potion of mutation]
  9285 | D:9      | Gained mutation: Your flesh is heat resistant. (rF+)
                  | [potion of mutation]
  9285 | D:9      | Gained mutation: Your mind is acute. (Int +4, Str/Dex -1)
                  | [potion of mutation]
  9392 | D:9      | Identified the +0 scale mail of Eklejaso {-Cast rPois rC-
                  | Regen+}
  9410 | D:9      | Noticed a red ugly thing
  9570 | Lair:1   | Entered Level 1 of the Lair of Beasts
  9587 | Lair:1   | Learned a level 3 spell: Teleport Other
  9614 | Lair:1   | Reached skill level 5 in Polearms
  9692 | Lair:1   | Mangled by a cane toad

Illustrated notes

Levels and vault maps discovered:
D:1:      kennysheep_arrival_forest, layout_basic, serial_shops,
          nicolae_shop_tiny_glass, st_stairs_11
D:2:      layout_loops_corners, serial_shops, nicolae_square_shop, shop_statue,
          shop, nicolae_shop_rolling_square, uniq_robin, uniq_natasha
D:3:      layout_loops_ring, shapermc_ecumenical_altar_starsandcircs
D:4:      layout_loops_cross, nemelex_xobeh_ov_fountains_minmay,
          minmay_temple_entry_enclosed_plants, kennysheep_decorative_pillar,
          uniq_pikel, uniq_eustachio, uniq_ijyb, uniq_grinder
D:5:      layout_basic, nicolae_uskayaw_murder_on_the_dancefloor,
          marbit_many_paths, grunt_temple_overflow_open,
          chequers_serial_rivers_large_a
D:6:      minmay_inner_zag, layout_basic, mainiacjoe_overflow_paths, uniq_edmund
D:7:      layout_cave_pools, enter_bailey_2, grunt_ministairs_4,
          nicolae_underground_beach, uniq_maurice
D:8:      layout_rooms, mainiacjoe_overflow_alcove_4, lair_entry_dummy,
          serial_demonic, serial_demonic_d, serial_demonic_e, serial_demonic_a,
          serial_demonic_f, einodemon_armed_red_devil_minivault
D:9:      minmay_imperfect_grid, layout_stronghold, lemuel_doored_altar
Temple:   corrupted_temple
Lair:1:   beast_lair_carwin_large_3, layout_gridlike,
          dreamdust_deal_with_the_devil, infiniplex_staircase_pool

Skill      XL: |  1  2  3  4  5  6  7  8  9 10 11 |
---------------+----------------------------------+-----
Translocations | 1 2 |  2.6
Stealth        | 2 3 4 5 6 |  6.2
Dodging        | 2 3 4 5 |  5.8
Fighting       | 1 2 3 4 5 |  5.9
Hexes          | 1 2 3 |  3.7
Alchemy        | 1 2 3 4 5 |  5.5
Air Magic      | 1 2 3 4 |  4.5
Polearms       | 1 2 3 4 5 |  5.1
Conjurations   | 2 3 4 5 |  5.7
Summonings     | 2 3 4 5 |  5.1
Evocations     | 1 2 3 4 5 |  5.5
Spellcasting   | 4 5 6 |  6.3
Throwing       | 1 |  1.0
Armour         | 1 |  1.6
Fire Magic     | 1 |  1.0
Ice Magic      | 1 |  1.0
Axes           | |  0.4

Action                     |  1- 3 |  4- 6 |  7- 9 | 10-12 || total
---------------------------+-------+-------+-------+-------++-------
  Melee: Dagger            |     7 |       |       |       ||     7
         Hand axe          |    37 |       |       |       ||    37
         Trident           |    61 |    81 |   176 |   384 ||   702
         Kick              |       |     9 |    40 |     7 ||    56
         Punch             |       |       |     3 |     6 ||     9
  Throw: Stone             |     6 |       |     3 |     1 ||    10
         Dart              |       |       |     1 |     4 ||     5
         Boomerang         |       |       |       |     2 ||     2
   Cast: Magic Dart        |    51 |    12 |    25 |    59 ||   147
         Call Imp          |     2 |       |     9 |     8 ||    19
         Slow              |     1 |       |     4 |       ||     5
         Mephitic Cloud    |       |     3 |     9 |    20 ||    32
         Volatile Blastmot |       |       |     3 |    30 ||    33
         Dazzling Flash    |       |       |     3 |     6 ||     9
         Frozen Ramparts   |       |       |       |     2 ||     2
  Evoke: Wand              |       |       |       |     2 ||     2
    Use: Scroll            |     3 |     1 |    10 |     6 ||    20
         Potion            |     2 |       |     2 |     3 ||     7
   Stab: Sleeping          |     3 |     5 |     5 |     2 ||    15
         Confused          |       |     1 |     4 |     6 ||    11
         Distracted        |       |       |     2 |     4 ||     6
         Invisible         |       |       |     1 |     2 ||     3
 Armour: Robe              |    76 |    43 |    84 |   310 ||   513
         Chain mail        |       |       |       |    43 ||    43
  Dodge: Dodged            |    88 |    49 |    94 |   318 ||   549

Table legend: (Time is in decaauts)
 A = Elapsed time spent in this place.
 B = Non-inter-level travel time spent in this place.
 C = Inter-level travel time spent in this place.
 D = Time resting spent in this place.
 E = Time spent auto-exploring this place.
 F = Levels seen in this place.
 G = Mean time per level.
                   A        B        C        D        E       F      G
               +--------+--------+--------+--------+--------+-----+--------+
         Total |   9818 |   9268 |    550 |    228 |   4742 |  12 |  818.2 |
       Dungeon |   9247 |   8698 |    549 |    220 |   4635 |   9 | 1027.4 |
        Temple |      1 |      1 |      0 |      0 |      0 |   1 |    1.0 |
          Lair |    122 |    122 |      0 |      0 |      1 |   1 |  122.0 |
        Bailey |    446 |    446 |      0 |      8 |    106 |   1 |  446.0 |
               +--------+--------+--------+--------+--------+-----+--------+

Top non-repeatable levels by time:
     D:9: 1485 daAuts
     D:2: 1359 daAuts
     D:5: 1046 daAuts
     D:4: 1044 daAuts
     D:8: 952 daAuts
     D:7: 941 daAuts
     D:1: 860 daAuts
     D:6: 856 daAuts
     D:3: 702 daAuts
  Bailey: 446 daAuts
  Lair:1: 122 daAuts
  Temple: 1 daAuts
